 Dungeon Crawl Stone Soup version 0.25-a0-1133-g93ebf739aa (webtiles) character file.

Game seed: 10809445066340370278, levelgen mode: deterministic

79 vurker the Ruffian (level 4, -1/36 (37) HPs)
             Began as a Ghoul Warper on May 22, 2020.
             Slain by a gnoll (8 damage)
             ... on level 2 of the Dungeon.
             The game lasted 00:02:13 (2175 turns).

vurker the Ruffian (Ghoul Warper)                   Turns: 2175, Time: 00:02:14

HP:   -1/36 (37)    AC:  3    Str: 15    XL:     4   Next: 37%
MP:   5/5           EV: 12    Int:  8    God:
Gold: 23            SH:  0    Dex:  8    Spells: 6/6 levels left

rFire    . . .     SeeInvis .     - Unarmed
rCold    + . .     Gourm    .   (no shield)
rNeg     + + +     Faith    .   a - +0 leather armour
rPois    ∞         Spirit   .   (no helmet)
rElec    .         Reflect  .   (no cloak)
rCorr    .         Harm     .   (no gloves)
MR       .....                  (no boots)
Stlth    +.........             (no amulet)
HPRegen  0.00/turn              (no ring)
MPRegen  0.09/turn              (no ring)

@: rotting
A: rotting body, claws 1, carnivore, cold resistance 1, negative energy
resistance 3, inhibited regeneration, torment resistance, unbreathing
a: no special abilities


You were on level 2 of the Dungeon.
You were not hungry.

You visited 1 branch of the dungeon, and saw 2 of its levels.

You collected 23 gold pieces.

Inventory:

Missiles
 d - 5 boomerangs of dispersal (quivered)
Armour
 a - a +0 leather armour (worn)
Scrolls
 c - a scroll of blinking
 f - 2 scrolls of identify {unknown}
 g - a scroll of teleportation {unknown}
 h - a scroll of enchant weapon {unknown}
 i - 3 scrolls of magic mapping {unknown}
Comestibles
 e - 4 rations


   Skills:
 + Level 2.9 Fighting
 - Level 0.8 Throwing
 + Level 1.7 Armour
 + Level 2.4 Dodging
 * Level 3.5 Unarmed Combat
 - Level 1.7 Spellcasting
   Level 2.6 Translocations


You had 6 spell levels left.
You didn't know any spells.
Your spell library contained the following spells:

 Spells                   Type           Power        Failure   Level  Hunger
 Blink                    Tloc           N/A          22%         2    ###....
 Shroud of Golubria       Chrm/Tloc      #.....       36%         2    ###....
 Gell's Gravitas          Tloc           #.........   41%         3    ####...
 Lesser Beckoning         Tloc           #.........   41%         3    ####...
 Teleport Other           Tloc           #.......     41%         3    ####...
 Passage of Golubria      Tloc           N/A          83%         4    #####..


Dungeon Overview and Level Annotations

Branches:
Dungeon (2/15)

Altars:


Innate Abilities, Weirdness & Mutations

Your body is rotting away.
You thrive on raw meat.
You are immune to poison.
You have sharp fingernails.
You are carnivorous and can eat meat at any time.
Your flesh is cold resistant. (rC+)
You are immune to negative energy. (rN+++)
You do not regenerate when monsters are visible.
You are immune to unholy pain and torment.
You can survive without breathing.


Message History

e - 4 rations (gained 1)
A hobgoblin comes into view. It is wielding a +0 club.
The hobgoblin shouts!
You hear a shout! x2
There is a stone staircase leading up here.
The hobgoblin barely misses you.
You climb upwards.
There is a stone staircase leading down here.
You barely miss the hobgoblin. The hobgoblin closely misses you.
You barely miss the hobgoblin.
The hobgoblin hits you but does no damage.
You claw the hobgoblin!
You kill the hobgoblin!
No target in view!
No target in view!
You climb downwards.
The gnoll closely misses you.
There is a stone staircase leading up here.
The gnoll closely misses you.
You scratch the gnoll but do no damage. The gnoll closely misses you.
You completely miss the gnoll. The gnoll hits you with a +0 halberd.
You closely miss the gnoll. The gnoll barely misses you.
You closely miss the gnoll. The gnoll closely misses you.
You closely miss the gnoll. You claw the gnoll!
The gnoll hits you with a +0 halberd!
You claw the gnoll!
You kill the gnoll!
No target in view!
No target in view!
No target in view!
You feel your flesh rotting away.
You see here a +0 halberd.
f - 2 scrolls labeled CIET AHEMOST (gained 1)
You now have 23 gold pieces (gained 6).
The gnoll is too close now for your liking.
A gnoll is nearby!
The gnoll shouts!
The gnoll shouts!
You scratch the gnoll. The gnoll completely misses you.
You scratch the gnoll. The gnoll hits you but does no damage.
You barely miss the gnoll. You scratch the gnoll. The gnoll misses you.
You scratch the gnoll but do no damage. The gnoll hits you with a +0 flail.
You completely miss the gnoll. The gnoll hits you with a +0 flail!
You barely miss the gnoll. You scratch the gnoll.
The gnoll hits you with a +0 flail.
You closely miss the gnoll. The gnoll hits you with a +0 flail!
* * * LOW HITPOINT WARNING * * *
You claw the gnoll!
You kill the gnoll!
You scratch the gnoll but do no damage. The gnoll hits you!
You die...

######### #.......#
############# #@#
##...........)
####g###..##########.
#.........# ## #
#.##.###### ####
#.##.##.# #...
#.......##### #.##
####........# #.#
##.....##.#### #.#
#............# #.#


You could see a gnoll.

Vanquished Creatures
  2 gnolls (D:2)
  An adder (D:1)
  An ooze (D:1)
  A worm (D:2)
  3 leopard geckos (D:2)
  2 ball pythons (D:1)
  4 bats
  3 giant cockroaches (D:2)
  8 goblins
  4 hobgoblins
  2 kobolds (D:1)
  A quokka (D:2)
  4 frilled lizards
  3 rats
39 creatures vanquished.

Notes
Turn   | Place    | Note
-------+----------+-------------------------------------------
     0 | D:1      | vurker the Ghoul Warper began the quest for the Orb.
     0 | D:1      | Reached XP level 1. HP: 17/17 MP: 2/2
   134 | D:1      | Reached skill level 1 in Armour
   241 | D:1      | Reached XP level 2. HP: 23/25 MP: 3/3
   952 | D:1      | Reached XP level 3. HP: 24/30 MP: 4/4
  1225 | D:2      | Reached skill level 3 in Unarmed Combat
  1971 | D:2      | Reached XP level 4. HP: 37/37 MP: 5/5
  2175 | D:2      | Slain by a gnoll

Illustrated notes

Levels and vault maps discovered:
D:1:      dpeg_arrival_rooms_a, layout_loops_corners
D:2:      layout_loops_ring, first_ration, minmay_misc_feat_more_columns

Skill      XL: |  1  2  3 |
---------------+----------+-----
Armour         | 1 |  1.7
Dodging        | 2 |  2.4
Unarmed Combat | 3 |  3.5
Fighting       | |  2.9
Throwing       | |  0.8
Spellcasting   | |  1.7
Translocations | |  2.6

Action                   |  1- 3 |  4- 6 || total
-------------------------+-------+-------++-------
Melee: Unarmed           |   142 |    21 ||   163
       Punch             |     1 |       ||     1
  Eat: Chunk             |     5 |       ||     5
Armor: Leather armour    |    34 |     2 ||    36
Dodge: Dodged            |    92 |     9 ||   101

Table legend:
 A = Non-vault XP
 B = Vault XP
 C = Vault XP percentage of total XP
 D = Non-vault monster count
 E = Vault monster count
 F = Vault count percentage of total count
                 A         B        C        D         E       F
            +---------+---------+-------+---------+---------+-------
      Total |     113 |       0 |   0.0 |      39 |       0 |   0.0
            +---------+---------+-------+---------+---------+-------
        D:1 |      50 |       0 |   0.0 |      20 |       0 |   0.0
        D:2 |      63 |       0 |   0.0 |      19 |       0 |   0.0
            +---------+---------+-------+---------+---------+-------
